Map: Frozen Temple

Players

LiquidTLO (TLO)

  • Race: Zerg Zerg

MaSa - Winner!

  • Race: Terran Terran
  • League: Master

Event: Polygon Gaming Invitational 4

VOD

Have the link to the VOD?

Description

Time

  • Played on: Aug. 27, 2016, 2:15 p.m.
  • Length: 15:48

All games in this series

Show
View Real Time Build Order
Export as new Build Order

LiquidTLO Zerg 

Build Orders: Hatch First 

Get SALT Encoding   

  12  0:01  Drone  
  13  0:13  Overlord  
  13  0:17  Drone  
  14  0:32  Drone x2  
  16  0:37  Drone  
  17  0:52  Hatchery  
  17  0:55  Drone  
  17  1:09  Spawning Pool  
  16  1:12  Drone  
  16  1:16  Drone  
  18  1:18  Drone  
  18  1:22  Extractor  
  18  1:28  Drone  
  19  1:39  Overlord  
  19  1:57  Queen, Zergling x2  
  19  2:01  Zergling x2  
  23  2:04  Queen  
  25  2:16  Hatchery  
  25  2:18  Drone  
  25  2:22  Drone  
  26  2:26  Drone  
  26  2:29  Drone  
  28  2:34  Extractor  
  28  2:36  Drone  
  28  2:42  Drone x2  
  31  2:50  Drone  
  31  2:51  Overlord  
  32  2:55  Queen  
  34  2:59  Drone  
  34  3:03  Drone  
  36  3:12  Lair, Drone  
  37  3:13  Drone  
  37  3:15  Drone  
  39  3:20  Evolution Chamber, Drone  
  39  3:23  Drone  
  39  3:24  Drone  
  41  3:28  Extractor  
  41  3:32  Roach Warren  
  41  3:34  Drone  
  40  3:36  Drone  
  40  3:39  Drone  
  42  3:43  Drone  
  42  3:46  Zerg Ground Armor Level 1  
  43  3:49  Drone  
  43  3:51  Drone  
  43  3:53  Drone  
  46  3:56  Extractor  
  46  3:57  Overlord  
  46  3:59  Drone  
  46  4:02  Drone x2  
  48  4:08  Extractor  
  48  4:09  Extractor  
  46  4:11  Drone  
  46  4:13  Glial Reconstitution, Drone  
  47  4:19  Evolution Chamber  
  47  4:21  Overseer, Drone  
  47  4:22  Drone  
  47  4:23  Drone  
  51  4:24  Drone  
  51  4:26  Drone  
  51  4:30  Roach  
  55  4:31  Drone  
  55  4:32  Drone  
  55  4:36  Drone  
  55  4:38  Spore Crawler  
  57  4:46  Overlord  
  57  4:49  Overlord  
  57  4:51  Spore Crawler  
  56  4:57  Roach  
  58  5:02  Drone  
  58  5:04  Drone  
  58  5:05  Drone  
  58  5:06  Drone  
  58  5:07  Drone  
  60  5:08  Roach  
  60  5:09  Roach  
  60  5:11  Drone  
  60  5:13  Drone x2  
  63  5:15  Drone  
  63  5:16  Drone  
  63  5:18  Drone  
  63  5:20  Drone  
  59  5:22  Roach  
  59  5:25  Zerg Missile Weapons Level 1  
  61  5:29  Roach  
  61  5:30  Drone  
  61  5:31  Drone  
  61  5:33  Drone  
  61  5:35  Drone  
  67  5:37  Drone  
  67  5:39  Drone x2  
  67  5:42  Queen  
  70  5:49  Zerg Ground Armor Level 2  
  72  5:54  Roach  
  72  5:56  Drone  
  73  6:01  Overlord, Drone  
  73  6:03  Overlord  
  74  6:04  Extractor  
  74  6:09  Overlord  
  74  6:10  Drone  
  74  6:11  Spore Crawler  
  73  6:14  Overlord  
  73  6:16  Overlord  
  73  6:18  Overlord, Drone  
  74  6:20  Roach  
  74  6:24  Drone  
  74  6:25  Roach  
  76  6:27  Drone  
  76  6:28  Drone x3  
  76  6:31  Roach  
  76  6:32  Roach  
  84  6:33  Drone  
  84  6:34  Ravager  
  84  6:37  Drone  
  87  6:40  Roach  
  87  6:42  Roach  
  87  6:43  Overlord  
  87  6:44  Drone  
  87  6:45  Drone  
  93  6:48  Ravager  
  93  6:49  Ravager  
  93  6:52  Extractor  
  92  6:54  Extractor  
  92  6:55  Drone  
  92  6:56  Drone  
  92  6:57  Ravager, Drone  
  92  6:58  Drone x2  
  92  6:59  Overlord  
  97  7:03  Roach x3  
  97  7:07  Roach  
  105  7:14  Roach  
  107  7:17  Roach  
  107  7:18  Overlord  
  107  7:21  Hatchery  
  107  7:22  Zerg Missile Weapons Level 2  
  108  7:24  Roach x3  
  106  7:30  Roach x2  
  106  7:33  Roach  
  106  7:34  Roach  
  106  7:35  Roach  
  106  7:36  Roach  
  117  7:38  Roach  
  117  7:40  Metabolic Boost  
  117  7:42  Drone  
  117  7:43  Drone x2  
  122  7:45  Zergling x2  
  122  7:47  Drone  
  122  7:50  Roach  
  126  7:52  Roach  
  126  7:53  Roach x2  
  128  8:05  Zerg Melee Weapons Level 1  
  128  8:12  Roach x6  
  128  8:20  Roach  
  128  8:21  Roach x4  
  128  8:23  Overlord  
  128  8:25  Overlord  
  138  8:31  Overlord  
  130  8:36  Drone x2  
  130  8:38  Overlord, Infestation Pit, Drone  
  130  8:39  Overlord  
  130  8:42  Overlord  
  130  8:47  Drone x2  
  132  8:49  Hatchery  
  132  8:50  Ravager x3  
  132  8:51  Ravager x4  
  132  8:55  Overseer  
  138  8:58  Queen x2  
  142  9:03  Roach  
  142  9:04  Roach x2  
  142  9:06  Roach  
  150  9:10  Roach  
  150  9:16  Roach  
  151  9:18  Roach x2  
  151  9:19  Roach  
  151  9:20  Roach x2  
  151  9:21  Roach  
  155  9:25  Roach  
  155  9:27  Roach  
  155  9:30  Roach x2  
  140  9:33  Roach x3  
  140  9:36  Roach  
  139  9:40  Roach x2  
  129  9:47  Roach  
  129  9:48  Roach  
  129  9:50  Roach  
  101  9:56  Drone  
  101  9:58  Drone  
  103  10:07  Drone  
  103  10:10  Drone x2  
  106  10:17  Roach x2  
  110  10:25  Drone x3  
  110  10:28  Queen  
  113  10:32  Drone  
  113  10:34  Infestor  
  117  10:39  Overlord  
  117  10:41  Drone x2  
  119  10:45  Infestor  
  119  10:47  Ravager x5  
  119  10:48  Ravager  
  127  10:56  Hatchery  
  127  10:57  Drone  
  127  11:04  Roach  
  127  11:05  Roach  
  127  11:07  Roach  
  127  11:08  Drone x2  
  127  11:09  Ravager  
  136  11:13  Roach  
  136  11:14  Drone  
  136  11:16  Roach  
  141  11:18  Drone  
  141  11:22  Roach x2  
  140  11:32  Roach  
  144  11:33  Roach  
  144  11:36  Roach  
  144  11:38  Roach  
  144  11:39  Drone  
  151  11:40  Overlord, Roach  
  151  11:45  Overlord  
  151  11:47  Drone  
  151  11:48  Drone x3  
  151  11:49  Drone  
  151  11:51  Ravager  
  151  11:52  Ravager x2, Extractor  
  158  11:57  Drone  
  159  12:02  Hive  
  157  12:08  Overlord, Roach  
  157  12:09  Roach  
  157  12:11  Queen  
  157  12:13  Ravager, Extractor  
  157  12:14  Ravager  
  164  12:25  Queen  
  164  12:28  Drone  
  167  12:30  Drone x2  
  167  12:31  Overlord  
  167  12:36  Drone x2  
  171  12:40  Roach  
  171  12:41  Roach x5  
  171  12:43  Ravager  
  184  12:45  Ravager  
  184  12:51  Roach  
  187  12:52  Roach  
  187  12:53  Roach x2  
  187  13:00  Roach  
  187  13:01  Roach  
  187  13:03  Drone  
  192  13:07  Drone  
  193  13:17  Ultralisk Cavern  
  192  13:24  Hatchery, Overlord  
  191  13:28  Roach  
  191  13:32  Overlord  
  193  13:41  Overlord  
  193  13:48  Overlord  
  193  13:54  Extractor  
  193  14:04  Ultralisk  
  193  14:06  Chitinous Plating  
  193  14:07  Spore Crawler  
  193  14:09  Hatchery, Spore Crawler  
  196  14:18  Ultralisk  
  192  14:27  Ultralisk  
  192  14:28  Zergling x2  
  180  14:33  Zergling x4  
  180  14:35  Zergling x4  
  161  14:40  Ultralisk  
  120  14:48  Zergling x2  
  120  14:49  Zergling x8  
  94  15:01  Baneling Nest  
Show
View Real Time Build Order
Export as new Build Order

MaSa Terran - Winner!

Build Orders: Reaper Expand, MMM Bio 

Get SALT Encoding   

  12  0:00  SCV  
  13  0:12  SCV  
  14  0:17  Supply Depot  
  14  0:24  SCV  
  15  0:39  SCV  
  15  0:40  Barracks  
  16  0:44  Refinery  
  16  0:51  SCV  
  17  1:03  SCV  
  18  1:15  SCV  
  19  1:26  Reaper  
  19  1:27  Orbital Command  
  20  1:41  Command Center  
  20  1:52  Supply Depot  
  20  1:53  SCV  
  21  1:58  Marine  
  22  2:05  SCV  
  23  2:15  Refinery, Factory  
  23  2:17  SCV  
  23  2:22  Barracks Reactor  
  24  2:29  SCV  
  25  2:49  SCV  
  26  2:55  Orbital Command  
  26  3:01  SCV  
  26  3:03  Starport  
  27  3:07  Hellion x2  
  27  3:08  Barracks Tech Lab  
  31  3:13  SCV  
  32  3:23  SCV  
  32  3:25  SCV  
  34  3:28  Hellion x2  
  34  3:33  Supply Depot  
  34  3:34  Marine  
  38  3:35  SCV  
  38  3:37  SCV  
  38  3:40  Supply Depot  
  41  3:45  Medivac  
  41  3:47  SCV  
  44  3:48  Widow Mine  
  44  3:54  Widow Mine  
  44  3:55  SCV  
  50  3:56  Barracks Tech Lab  
  50  3:59  SCV  
  50  4:10  SCV  
  50  4:12  Command Center  
  50  4:16  Marine  
  52  4:18  SCV  
  52  4:19  Liberator  
  52  4:21  Stimpack  
  53  4:27  Barracks  
  53  4:28  SCV, Supply Depot  
  54  4:33  SCV  
  58  4:42  Barracks  
  58  4:45  Siege Tank, Supply Depot  
  61  4:46  SCV  
  61  4:50  SCV  
  63  4:58  SCV  
  64  5:01  Marine  
  64  5:02  SCV  
  66  5:10  SCV  
  65  5:14  SCV  
  65  5:18  Engineering Bay x2  
  59  5:22  Marine x3  
  59  5:23  SCV  
  59  5:24  Starport Reactor  
  59  5:26  SCV  
  58  5:29  Refinery  
  58  5:30  Orbital Command, Refinery  
  58  5:35  Barracks, SCV  
  59  5:38  Barracks  
  59  5:39  Barracks Reactor  
  59  5:42  SCV  
  60  5:46  Terran Infantry Armor Level 1, Terran Infantry Weapons Level 1, Marine  
  60  5:47  Marine  
  62  5:54  SCV  
  63  5:58  Siege Tank, Marine  
  63  5:59  SCV  
  63  6:00  SCV  
  69  6:04  Marine  
  69  6:05  Supply Depot  
  69  6:07  SCV  
  69  6:08  Orbital Command  
  69  6:09  Marine  
  75  6:11  SCV  
  75  6:15  Marine x2  
  75  6:16  Marine  
  80  6:21  Missile Turret, SCV  
  80  6:22  Marine  
  84  6:27  Medivac, Barracks Reactor x2, Marine  
  84  6:31  SCV  
  84  6:33  SCV, Marine x3  
  84  6:36  Medivac  
  88  6:40  Marine  
  88  6:44  Marine  
  88  6:46  SCV  
  88  6:47  SCV x2  
  93  6:51  Marine x3  
  93  6:52  Siege Tank  
  99  6:57  Armory, Marine  
  99  7:00  Refinery, Supply Depot x2  
  99  7:01  Refinery  
  100  7:02  Marine  
  100  7:08  Supply Depot  
  101  7:12  Supply Depot  
  101  7:13  Supply Depot  
  101  7:14  Combat Shields  
  101  7:15  SCV  
  101  7:16  SCV  
  101  7:19  SCV  
  101  7:20  Marine  
  101  7:21  Medivac x2, Marine  
  101  7:22  Supply Depot  
  105  7:23  Supply Depot  
  105  7:24  Marine  
  105  7:25  Marine x3  
  105  7:26  Marine  
  105  7:27  SCV  
  109  7:30  Siege Tank  
  109  7:33  SCV  
  109  7:35  Marine x2  
  112  7:37  SCV  
  112  7:38  Marine  
  112  7:39  SCV  
  115  7:46  Barracks  
  115  7:47  Marine  
  115  7:48  Barracks  
  115  7:49  Barracks, Marine x2  
  118  7:53  Terran Infantry Armor Level 2  
  118  7:56  Terran Infantry Weapons Level 2  
  118  7:59  Marine x2  
  118  8:03  Marine x4  
  118  8:05  Terran Vehicle Weapons Level 1, Marine  
  124  8:09  Marine x2  
  121  8:15  Orbital Command  
  121  8:17  Marine x2  
  118  8:21  Marine  
  118  8:22  Barracks, Marine x2  
  118  8:23  Marine x2  
  118  8:24  Barracks x2, Medivac  
  123  8:28  Medivac  
  119  8:36  Marine  
  119  8:38  Marine x2  
  119  8:41  SCV x2  
  117  8:43  Refinery  
  117  8:49  Supply Depot x2  
  117  8:52  Supply Depot  
  117  9:06  Sensor Tower  
  117  9:09  Marine  
  117  9:10  SCV x3, Siege Tank, Marine x2  
  117  9:11  Medivac, Marine  
  117  9:13  Marine x2  
  117  9:14  Marauder, Marine  
  132  9:22  Marine  
  132  9:23  Marine  
  127  9:27  SCV  
  127  9:31  Marine x2  
  106  9:35  Marauder  
  106  9:36  SCV  
  96  9:38  Marine x2  
  96  9:39  Marine  
  89  9:46  SCV  
  89  9:47  Marine x3  
  89  9:51  Marine  
  89  9:52  Marine  
  89  9:54  SCV  
  89  9:56  Marauder  
  88  10:02  Siege Tank  
  88  10:05  Marine x2  
  88  10:06  Marine x2  
  92  10:07  Marine  
  92  10:11  Medivac  
  95  10:15  Marine x2  
  95  10:17  Marine x2  
  95  10:18  Marauder  
  95  10:20  Orbital Command  
  101  10:22  Marine x2  
  101  10:23  SCV  
  103  10:28  Marine  
  103  10:29  Concussive Shells  
  103  10:33  Marine x3  
  103  10:34  Marine x2  
  109  10:42  SCV x2  
  111  10:48  SCV  
  112  10:54  SCV x2  
  116  10:57  Marine, Marauder  
  116  10:59  Barracks Tech Lab  
  116  11:00  Supply Depot x2  
  116  11:02  Supply Depot  
  117  11:12  Orbital Command  
  117  11:16  Supply Depot  
  117  11:20  Marine  
  117  11:21  Marine  
  117  11:22  Siege Tank, Marine x4, Marauder  
  125  11:26  Marine x2, Marauder  
  128  11:36  Marine  
  129  11:44  Marauder  
  131  11:48  Marauder  
  131  11:50  Terran Infantry Weapons Level 3  
  131  11:54  Siege Tank, Marine  
  133  11:55  Marine  
  138  12:05  Marauder  
  137  12:09  Marauder  
  137  12:14  Marine x4  
  143  12:15  Medivac x2  
  147  12:23  Terran Infantry Armor Level 3  
  147  12:26  Marauder  
  149  12:30  Supply Depot  
  149  12:33  Supply Depot  
  149  12:34  Supply Depot  
  149  12:38  Terran Vehicle Weapons Level 2  
  149  12:41  Barracks Tech Lab x2  
  149  12:52  Marauder x2  
  149  12:55  Marine x2  
  153  13:01  Siege Tank  
  155  13:06  Orbital Command  
  155  13:08  Liberator  
  155  13:13  Marauder  
  155  13:14  Supply Depot, Marauder, Sensor Tower  
  159  13:20  Liberator, Marauder x2  
  166  13:38  Marine  
  170  13:46  Sensor Tower  
  170  13:53  Marauder x2  
  174  14:00  Command Center  
  174  14:06  Siege Tank  
  177  14:10  Marine, Marauder  
  170  14:24  Marine x2, Marauder x2  
  173  14:26  Marine x3  
  173  14:27  Marine x3  
  173  14:28  Marine  
  160  14:42  Marine x2, Marauder  
  160  14:44  Marine x3  
  160  14:45  Marine x3, Marauder  
  147  14:48  Marine x2  
  135  14:55  Medivac  
  135  14:56  Medivac  
  139  15:00  Marine x2  
  139  15:07  Siege Tank  
  144  15:10  Marine  
  144  15:11  Marauder x2  
  149  15:25  Marine x3, Marauder x2  
  149  15:26  Marine x3  
Tags
 
Add a new tag
Caveats
  • Supply blocks, unpowered buildings, or Contaminate may cause inaccurate times.
  • Supply counts are checked every 10 seconds.